 Dungeon Crawl Stone Soup version 0.19.0-18-g426998a (webtiles) character file.

302 jerryfan the Grave Robber (level 6, 0/42 HPs)
             Began as a Vampire Necromancer on Nov 11, 2016.
             Slain by a river rat (9 damage)
             ... in a sewer.
             The game lasted 00:18:25 (2347 turns).

jerryfan the Grave Robber (Vampire Necromancer)     Turns: 2347, Time: 00:18:26

Health: 0/42       AC:  2    Str:  9    XL:     6   Next: 14%
Magic:  8/20       EV: 13    Int: 19    God:
Gold:   162        SH:  0    Dex: 17    Spells: 3 memorised, 7 levels left

rFire  . . .     SeeInvis +     A - +1 dagger (speed)
rCold  + . .     Gourm    .     a - +0 robe
rNeg   + + .     Faith    .     (no shield)
rPois  +         Spirit   .     (no helmet)
rElec  .         Reflect  .     (no cloak)
rCorr  .         Harm     .     (no gloves)
MR     .....                    (no boots)
Stlth  +++++.....               f - amulet of regeneration
                                w - +3 ring of slaying
                                m - ring of magical power

@: regenerating slowly
A: fangs 3, camouflage 1, see invisible, agile 1, strong 1, unbreathing
a: Bat Form


You were in a sewer.
You were thirsty.

You visited 1 branch of the dungeon, and saw 4 of its levels.
You also visited: Sewer.

You collected 162 gold pieces.

Inventory:

Hand Weapons
 e - a +0 club
 n - a +0 scythe
 A - a +1 dagger of speed (weapon)
Missiles
 h - 4 needles of confusion
Armour
 a - a +0 robe (worn)
Jewellery
 f - an amulet of regeneration (around neck)
 m - a ring of magical power (left hand)
 w - a +3 ring of slaying (right hand)
Wands
 s - a wand of flame (27/48)
 E - a wand of flame (31/48)
Scrolls
 d - 3 scrolls of enchant weapon
 g - a scroll of remove curse {unknown}
 j - a scroll of magic mapping {unknown}
 o - a scroll of immolation {unknown}
 r - 6 scrolls of identify
 t - 3 scrolls of random uselessness {unknown}
 u - 2 scrolls of teleportation {unknown}
 v - a scroll of blinking {unknown}
 x - a scroll of amnesia
 y - a scroll of enchant armour {unknown}
 C - a scroll of fog {unknown}
Potions
 c - 18 potions of blood
 i - 2 potions of lignification
 k - 2 potions of mutation
 l - a potion of cancellation {unknown}
 q - 3 potions of curing {unknown}
 z - 2 potions of degeneration {unknown}
 B - a potion of cure mutation {unknown}
 D - a potion of resistance {unknown}
Books
 b - a book of Necromancy

   Spells                             Type                      Level
   a - Pain                           Necromancy                   1
   b - Animate Skeleton               Necromancy                   1
   c - Vampiric Draining              Necromancy                   3
   d - Regeneration                   Charms/Necromancy            3
   e - Animate Dead                   Necromancy                   4
   f - Control Undead                 Necromancy                   4
Comestibles
 p - 3 bread rations


   Skills:
 + Level 0.6 Fighting
 + Level 1.8 Short Blades
 + Level 0.6 Polearms
 + Level 2.6 Dodging
 + Level 3.8 Stealth
 + Level 3.9 Spellcasting
 + Level 5.9 Necromancy


You had 7 spell levels left.
You knew the following spells:

 Your Spells              Type           Power        Failure   Level  Hunger
a - Pain                  Necr           ####         1%          1    None
b - Animate Skeleton      Necr           N/A          1%          1    None
c - Vampiric Draining     Necr           ####......   4%          3    ###....


Dungeon Overview and Level Annotations

Branches:
Dungeon (4/15)
 Temple: D:4-7

Altars:
Kikubaaqudgha
Okawaru
Trog
Xom


Innate Abilities, Weirdness & Mutations

You heal slowly.
You have razor-sharp teeth.
You have supernaturally acute eyesight. (SInv)
You can survive without breathing.
Your skin changes colour to match your surroundings (Stealth+).
You are agile. (Dex +2)
Your muscles are strong. (Str +2)


Message History

Aiming: Pain
Press: ? - help, Shift-Dir - straight line, f/p - river rat
Aim: a river rat (severely wounded, chance to defeat MR: 89%)
The river rat writhes in agony!
You kill the river rat!
Casting: Pain
Confirm with . or Enter, or press ? or * to list all spells.
Aiming: Pain
Press: ? - help, Shift-Dir - straight line, f - river rat
Aim: a river rat (chance to defeat MR: 89%)
The river rat writhes in agony!
The river rat misses you.
Casting: Pain
Confirm with . or Enter, or press ? or * to list all spells.
Aiming: Pain
Press: ? - help, Shift-Dir - straight line, f/p - river rat
Aim: a river rat (lightly wounded, chance to defeat MR: 89%)
The river rat writhes in agony!
You are feeling thirsty.
The river rat bites you!
You die... ############### ≈......∩.∩..r@# ###############

You could see a river rat.

Vanquished Creatures
  A hound (D:4)
  2 centaur skeletons (D:4)
  8 adders
  6 river rats
  An ooze (D:3)
  2 dart slugs
  3 worms
  5 leopard geckos
  6 orcs
  6 bats
  7 giant cockroaches
  4 goblins
  8 hobgoblins
  A quokka (D:3)
  3 frilled lizards
  7 kobolds
  7 rats
77 creatures vanquished.

Notes
Turn   | Place    | Note
-------+----------+-------------------------------------------
     0 | D:1      | jerryfan the Vampire Necromancer began the quest for the Orb.
     0 | D:1      | Reached XP level 1. HP: 13/13 MP: 3/3
    43 | D:1      | Gained mutation: Your muscles are strong. (Str +2) [potion of mutation]
    43 | D:1      | Gained mutation: You are agile. (Dex +2) [potion of mutation]
    43 | D:1      | Gained mutation: Your skin changes colour to match your surroundings (Stealth+). [potion of mutation]
    70 | D:1      | Learned a level 1 spell: Animate Skeleton
   333 | D:1      | Reached XP level 2. HP: 18/19 MP: 1/5
   872 | D:2      | Reached skill level 5 in Necromancy
   966 | D:2      | Reached XP level 3. HP: 21/24 MP: 6/6
  1099 | D:2      | Learned a level 3 spell: Vampiric Draining
  1419 | D:3      | Reached XP level 4. HP: 28/30 MP: 8/8
  1583 | D:3      | Found an iron altar of Okawaru.
  1585 | D:3      | Found a bloodstained altar of Trog.
  1878 | D:3      | Found a shimmering altar of Xom.
  1878 | D:3      | Found an ancient bone altar of Kikubaaqudgha.
  1987 | D:4      | Reached XP level 5. HP: 18/35 MP: 10/10
  1994 | D:4      | Reached skill level 1 in Short Blades
  2229 | D:4      | Reached XP level 6. HP: 42/42 MP: 11/11
  2233 | D:4      | Found a glowing drain.
  2324 | Sewer    | Entered a sewer
  2347 | Sewer    | Slain by a river rat

Skill      XL: |  1  2  3  4  5 |
---------------+----------------+-----
Necromancy     | 5 |  5.9
Spellcasting   | 3 |  3.9
Short Blades   | 1 |  1.8
Fighting       | |  0.6
Polearms       | |  0.6
Dodging        | |  2.6
Stealth        | |  3.8

Action                   |  1- 3 |  4- 6 || total
-------------------------+-------+-------++-------
Melee: Club              |    15 |       ||    15
       Scythe            |     5 |     5 ||    10
       Bite              |     1 |     8 ||     9
       Dagger            |       |    83 ||    83
 Cast: Pain              |    58 |    49 ||   107
       Animate Skeleton  |     4 |       ||     4
       Vampiric Draining |     4 |     1 ||     5
  Use: Potion            |     7 |     2 ||     9
       Scroll            |     3 |     2 ||     5
 Stab: Sleeping          |     1 |     6 ||     7
Armor: Robe              |     9 |     7 ||    16
Dodge: Dodged            |    33 |    53 ||    86
